 Dungeon Crawl Stone Soup version 0.25.1-2-g60ff931df9 (webtiles) character file.

Game seed: 2665759358773199304

84 Artemis the Digger (level 4, -3/24 HPs)
             Began as a Gargoyle Earth Elementalist on Sept 11, 2020.
             Slain by an orc
             ... wielding a +0 flail
              (8 damage)
             ... on level 3 of the Dungeon.
             The game lasted 00:09:33 (2844 turns).

Artemis the Digger (Gargoyle Earth Elementalist)    Turns: 2844, Time: 00:09:34

Health: -3/24      AC:  5    Str: 11    XL:     4   Next: 45%
Magic:  0/7        EV: 12    Int: 17    God:
Gold:   156        SH:  0    Dex: 10    Spells: 4/8 levels left

rFire    . . .     SeeInvis .   e - +0 dagger
rCold    . . .     Gourm    .   (no shield)
rNeg     + . .     Faith    .   c - +0 robe
rPois    ∞         Spirit   .   (no helmet)
rElec    +         Reflect  .   (no cloak)
rCorr    .         Harm     .   (no gloves)
MR       +....                  (no boots)
Stlth    ++........             (no amulet)
HPRegen  0.08/turn              a - ring of protection from magic
MPRegen  0.10/turn              (no ring)

@: no status effects
A: negative energy resistance 1, electricity resistance, unbreathing,
petrification resistance, rot immunity, AC +3
a: no special abilities


You were on level 3 of the Dungeon.
You were hungry.

You visited 1 branch of the dungeon, and saw 3 of its levels.

You collected 156 gold pieces.

Inventory:

Hand Weapons
 e - a +0 dagger (weapon)
Missiles
 b - 44 stones (quivered)
Armour
 c - a +0 robe (worn)
Jewellery
 a - a ring of protection from magic (left hand)
 i - a cursed ring of attention {unknown}
Scrolls
 g - 2 scrolls of teleportation
 j - a scroll of identify
Potions
 f - a potion of haste
 k - a potion of heal wounds {unknown}
Comestibles
 d - 4 rations
 h - 2 chunks of flesh


   Skills:
 - Level 1.5 Dodging
 - Level 2.1 Stealth
 - Level 0.2 Unarmed Combat
 + Level 2.6 Spellcasting
 * Level 1.1 Conjurations
   Level 0.7 Transmutations
 + Level 5.4 Earth Magic


You had 4 spell levels left.
You knew the following spells:

 Your Spells              Type           Power        Failure   Level  Hunger
a - Sandblast             Erth           ###...       1%          1    #......
b - Stone Arrow           Conj/Erth      ##....       14%         3    ###....

Your spell library contained the following spells:

 Spells                   Type           Power        Failure   Level  Hunger
 Passwall                 Tmut/Erth      ##......     8%          2    ##.....
 Petrify                  Tmut/Erth      ##......     45%         4    #####..
 Lee's Rapid Deconstruct  Erth           ###.......   47%         5    ######.


Dungeon Overview and Level Annotations

Branches:
Dungeon (3/15)

Altars:
Elyvilon
Gozag
Trog
Yredelemnul

Annotations:
D:3 1 runed translucent door, Crazy Yiuf


Innate Abilities, Weirdness & Mutations

You are resistant to torment.
Your stone body is resilient. (AC +3)
You are immune to poison.
You resist negative energy. (rN+)
You are resistant to electric shocks. (rElec)
You can survive without breathing.
You are immune to petrification.
You are immune to rotting.


Message History

You closely miss the orc.
The orc is severely wounded.
The orc hits you with a +0 flail.
You hit the orc but do no damage.
The orc is severely wounded.
The orc hits you with a +0 flail!
* * * LOW HITPOINT WARNING * * *
You hit the orc but do no damage.
The orc is severely wounded.
The orc completely misses you.
Casting: Sandblast (safe; 1% risk of failure)
Confirm with . or Enter, or press ? or * to list all spells.
Aiming: Sandblast (safe; 1% risk of failure)
Press: ? - help, Shift-Dir - straight line, f/p - orc
Aim: an orc, wielding a +0 flail, wearing a +0 ring mail and quivering 2 boomerangs (severely wounded)
The blast of sand hits the orc but does no damage.
The orc is severely wounded.
b - 44 stones The orc hits you with a +0 flail!
You die...

<## ..
##########
####.##
.......<..
.......
.########. ...o.
#. ... #.
#.#.###### #.
#....o@..# #.
#....####<# ###
#( ### #.### #.#
##.###. .)# #
#.# ##...##. ..#
#.# #####.......
..
#.###...##...###
+#
#.##..#..##.##
.# #....###.##.#
## ####..#..##.#


You could see an orc.

Vanquished Creatures
  2 adders
  3 gnolls (D:3)
  A dart slug (D:1)
  2 leopard geckos
  2 orcs (D:3)
  3 bats
  2 goblins (D:1)
  3 jackals (D:1)
  A quokka (D:3)
  6 frilled lizards
  5 kobolds
  4 rats
34 creatures vanquished.

Notes
Turn   | Place    | Note
-------+----------+-------------------------------------------
     0 | D:1      | Artemis the Gargoyle Earth Elementalist began the quest for
                  | the Orb.
     0 | D:1      | Reached XP level 1. HP: 10/10 MP: 3/3
   150 | D:1      | Reached skill level 4 in Earth Magic
   402 | D:1      | Reached XP level 2. HP: 10/15 MP: 0/5
  1145 | D:2      | Reached XP level 3. HP: 16/19 MP: 4/6
  1215 | D:2      | Learned a level 3 spell: Stone Arrow
  1308 | D:2      | Found a bloodstained altar of Trog.
  1358 | D:2      | Found a white marble altar of Elyvilon.
  1600 | D:2      | Found an opulent altar of Gozag.
  1863 | D:2      | Found a basalt altar of Yredelemnul.
  2209 | D:3      | Reached skill level 5 in Earth Magic
  2268 | D:3      | Found a runed translucent door.
  2269 | D:3      | Noticed Crazy Yiuf
  2413 | D:3      | Reached XP level 4. HP: 6/24 MP: 0/7
  2647 | D:3      | Reached skill level 1 in Conjurations
  2844 | D:3      | Slain by an orc

Illustrated notes

Levels and vault maps discovered:
D:1:      scummos_arrival_simple_fountains, layout_basic,
          minmay_misc_feat_doors, st_stairs_9
D:2:      layout_loops_cross, kennysheep_ying_yang, overflow_temple_1_default,
          first_ration, trog_book
D:3:      layout_loops_ring, bloody_makhleb, uniq_jessica, uniq_sigmund,
          uniq_crazy_yiuf_cottage

Skill      XL: |  1  2  3  4 |
---------------+-------------+-----
Earth Magic    | 4 5 |  5.4
Conjurations   | 1 |  1.1
Dodging        | |  1.5
Stealth        | |  2.1
Unarmed Combat | |  0.2
Spellcasting   | |  2.6
Transmutations | |  0.7

Action                   |  1- 3 |  4- 6 || total
-------------------------+-------+-------++-------
Melee: Dagger            |   129 |    39 ||   168
       Unarmed           |     4 |       ||     4
 Cast: Sandblast         |    17 |     3 ||    20
       Stone Arrow       |       |     3 ||     3
  Use: Scroll            |     4 |       ||     4
 Stab: Sleeping          |     3 |     1 ||     4
  Eat: Chunk             |     4 |     2 ||     6
Armor: Robe              |    46 |     8 ||    54
Dodge: Dodged            |    90 |    17 ||   107
